 Dungeon Crawl Stone Soup version 0.29.1-12-g30fa7ad0bf (webtiles) character file.

Game seed: 5273241644049284706

9808 daiconan the Protected (level 11, -16/145 HPs)
             Began as a Minotaur Berserker on Jan 10, 2023.
             Was a High Priest of Trog.
             Demolished by an orc warrior
             ... wielding a +2 antimagic long sword
              (17 damage)
             ... on level 2 of the Orcish Mines on Jan 11, 2023.
             The game lasted 00:44:09 (15463 turns).

daiconan the Protected (Minotaur Berserker)        Turns: 15463, Time: 00:44:11

Health: -16/145    AC: 19    Str: 25    XL:     11   Next: 27%
Magic:  0/10       EV: 10    Int:  8    God:    Trog [*****.]
Gold:   1653       SH:  5    Dex:  9    Spells: 10/10 levels left

rFire   . . .      SeeInvis .   n - +3 mace (flame)
rCold   + . .      Faith    .   B - +0 buckler
rNeg    . . .      Spirit   .   o - +2 chain mail {rC+}
rPois   +          Reflect  .   (helmet restricted)
rElec   .          Harm     .   s - +1 cloak {Stlth+}
rCorr   .          Rampage  .   (no gloves)
Will    +....      Clarity  +   I - +0 pair of boots
Stlth   ..........              (no amulet)
HPRegen 0.34/turn               v - ring of willpower
MPRegen 0.12/turn               O - ring of poison resistance

@: berserking (expiring), studying Ranged Weapons, unable to drink, very quick
A: horns 2, retaliatory headbutt, clarity, clever 1, shaggy fur 1, inability to
drink after injury 1
a: Renounce Religion, Berserk, Trog's Hand, Brothers in Arms


You were on level 2 of the Orcish Mines.
You worshipped Trog.
Trog was extremely pleased with you.
You visited 2 branches of the dungeon, and saw 12 of its levels.

You collected 1751 gold pieces.
You spent 98 gold pieces at shops.

Inventory:

Hand Weapons
 a - a +0 hand axe
 n - a +3 mace of flaming (weapon)
 p - a +0 hand axe
 r - a +3 quarterstaff of chaos
 t - a +0 hammer
 x - a +0 hand axe
 D - a +4 flail of protection
 P - a +1 hand axe of freezing
Missiles
 d - 73 stones (quivered)
 H - 2 throwing nets
Armour
 b - a +0 animal skin
 i - a +0 ring mail
 o - a +2 chain mail of cold resistance (worn)
 s - a +1 cloak of stealth (worn)
 A - a +0 helmet
 B - a +0 buckler (worn)
 I - a +0 pair of boots (worn)
Jewellery
 v - a ring of willpower (left hand)
 O - a ring of poison resistance (right hand)
Wands
 q - a wand of roots (25)
 y - a wand of polymorph (15)
 z - a wand of acid (13)
 F - a wand of charming (3)
Scrolls
 c - 3 scrolls of teleportation
 e - 2 scrolls of vulnerability
 f - a scroll of brand weapon
 u - 11 scrolls of identify
 w - a scroll of noise
 G - 3 scrolls of poison
 J - a scroll of blinking
 K - a scroll of enchant armour {unknown}
 N - a scroll of butterflies
 Q - a scroll of magic mapping {unknown}
 S - a scroll of torment {unknown}
Potions
 g - 5 potions of curing {unknown}
 h - 4 potions of brilliance
 j - a potion of flight {unknown}
 k - 2 potions of lignification {unknown}
 l - 2 potions of mutation
 m - a potion of degeneration
 C - 5 potions of heal wounds {unknown}
 E - a potion of magic {unknown}
 L - a potion of cancellation {unknown}
 M - 2 potions of attraction {unknown}
 R - a potion of might {unknown}


   Skills:
 + Level 9.2 Fighting
 + Level 7.9(10.5) Axes
 + Level 10.9(11.9) Maces & Flails
 + Level 11.5 Armour
 + Level 5.5 Dodging
 + Level 2.1 Stealth
 + Level 6.6 Shields


You had 10 spell levels left.
You didn't know any spells.
Your spell library contained the following spells:

 Spells                   Type           Power      Damage    Failure   Level
 Sandblast                Erth           0%         2d4       95%         1
 Animate Armour           Summ/Erth      0%         N/A       100%        4
 Simulacrum               Ice/Necr       0%         N/A       100%        6
 Necromutation            Tmut/Necr      0%         N/A       100%        8


Dungeon Overview and Level Annotations

Branches:
Dungeon (10/15)            Temple (0/1) D:4            Lair (0/5) D:8
    Orc (2/2) D:10
    Elf: Orc:2

Altars:
Cheibriados
Elyvilon
Hepliaklqana
Kikubaaqudgha
Nemelex Xobeh
Ru
Trog
Zin
The Shining One

Shops:
D:10 (   Orc:1 *


Innate Abilities, Weirdness & Mutations

You have a pair of horns on your head.
You reflexively headbutt those who attack you in melee.
You possess an exceptional clarity of mind.
Your mind is acute. (Int +4, Str/Dex -1)
You are covered in fur. (AC +1)
You occasionally lose the ability to drink potions when taking damage.


Message History

The orc knight is severely wounded.
You hear a shout!
You block the warg's attack.
Unknown command.
You barely miss the orc knight. You headbutt the orc knight.
The orc knight is severely wounded.
The orc priest barely misses you.
The orc warrior hits you but does no damage.
The orc barely misses you. The orc knight completely misses you.
You block the orc wizard's attack. The orc misses you. You furiously retaliate!
You headbutt the orc.
The orc warrior hits you with a +2 antimagic long sword.
An orc warrior comes into view. It is wielding a +0 glaive.
The orc warrior hits you with a +0 battleaxe.
The warg bites you.
You thump the orc knight! You burn the orc knight.
The orc knight is almost dead.
The orc knight roars a battlecry!
The orcs go into a battle-frenzy!
The orc wizard hits you but does no damage.
The orc barely misses you.
The orc warrior hits you with a +2 antimagic long sword!!
You feel threatened and lose the ability to drink potions!
* * * LOW HITPOINT WARNING * * *
You feel your power leaking away. The orc hits you but does no damage.
The orc warrior closely misses you. You furiously retaliate!
You headbutt the orc warrior!
The orc warrior hits you from afar with a +0 halberd!!
* * * LOW HITPOINT WARNING * * *
The warg bites you but does no damage. You block the orc priest's attack.
You hit the orc knight but do no damage.
You headbutt the orc knight.
The orc knight is almost dead.
You barely miss the orc knight. You headbutt the orc knight.
You kill the orc knight!
Trog accepts your kill. The warg barely misses you.
The orc wizard closely misses you. You block the orc's attack.
The orc warrior hits you with a +2 antimagic long sword!
You die...

................
..........o.....
#............o..
..........<.....
................
........o.......
......ohoo......
...$...o@)......
.......ooo..$.#.
................
......$.........
.....#..........
............#...
................
................


You could see a warg, 4 orc warriors, an orc priest (strong), an orc wizard
(strong) and 4 orcs.

Vanquished Creatures
  Erica (D:9)
  2 orc knights
  A gargoyle (D:10)
  An unseen horror (D:10)
  Psyche (D:10)
  3 trolls
  Sigmund (D:2)
  5 yaks (D:10)
  Eustachio (D:5)
  A hog (shapeshifter) (D:10)
  A steam dragon (D:8)
  2 vampire mosquitoes (D:10)
  A warg (Orc:1)
  Edmund (D:5)
  A water moccasin (D:7)
  A sky beast (D:8)
  A black bear (D:8)
  11 orc warriors
  3 ice beasts
  2 phantoms
  4 centaurs
  3 bullfrogs
  3 necrophages
  4 scorpions
  A gnoll sergeant (D:6)
  5 wights (D:5)
  26 killer bees
  6 howler monkeys
  An electric eel (D:8)
  A lava snake (D:7)
  A hound (D:6)
  Crazy Yiuf (D:3)
  6 orc priests
  7 iguanas
  Terence (D:2)
  13 orc wizards
  6 adders
  13 gnolls
  3 white imps
  2 ufetubi
  2 dart slugs
  60 orcs
  8 ball pythons
  12 endoplasms
  6 giant cockroaches
  11 hobgoblins
  2 jackals (D:4)
  2 quokkas
  5 bats
  A frilled lizard (D:3)
  7 goblins
  10 kobolds
  2 rats
276 creatures vanquished.

Vanquished Creatures (others)
  A human (D:9)
1 creature vanquished.

Grand Total: 277 creatures vanquished

Notes
Turn   | Place    | Note
-------+----------+-------------------------------------------
     0 | D:1      | daiconan the Minotaur Berserker began the quest for the
                  | Orb.
     0 | D:1      | Reached XP level 1. HP: 19/19 MP: 0/0
    27 | D:1      | Found a faded altar of an unknown god.
   346 | D:1      | Reached XP level 2. HP: 25/27 MP: 1/1
   745 | D:1      | Reached ** piety under Trog
   864 | D:1      | Reached XP level 3. HP: 33/33 MP: 2/2
  1409 | D:2      | Noticed Sigmund
  1427 | D:2      | Killed Sigmund
  1428 | D:2      | Reached skill level 5 in Fighting
  1428 | D:2      | Reached skill level 5 in Axes
  1428 | D:2      | Reached XP level 4. HP: 16/42 MP: 3/3
  1428 | D:2      | Reached XP level 5. HP: 18/48 MP: 4/4
  1464 | D:2      | Noticed Terence
  1480 | D:2      | Gained mutation: You are covered in fur. (AC +1) [potion of
                  | mutation]
  1480 | D:2      | Gained mutation: You occasionally lose the ability to drink
                  | potions when taking damage. [potion of mutation]
  1480 | D:2      | Gained mutation: You possess an exceptional clarity of
                  | mind. [potion of mutation]
  1480 | D:2      | Gained mutation: Your mind is acute. (Int +4, Str/Dex -1)
                  | [potion of mutation]
  1481 | D:2      | Killed Terence
  2097 | D:2      | You fall into a shaft and drop 1 floor!
  2176 | D:3      | Found a snail-covered altar of Cheibriados.
  2337 | D:3      | Found a glowing golden altar of the Shining One.
  2586 | D:3      | Found a runed translucent door.
  2587 | D:3      | Noticed Crazy Yiuf
  2597 | D:3      | Killed Crazy Yiuf
  2598 | D:3      | Reached XP level 6. HP: 56/56 MP: 5/5
  2948 | D:3      | Found a hazy altar of Hepliaklqana.
  3096 | D:4      | Reached skill level 3 in Armour
  3302 | D:4      | Reached *** piety under Trog
  3682 | D:4      | Found a staircase to the Ecumenical Temple.
  4252 | D:4      | Reached skill level 4 in Armour
  4252 | D:4      | Reached skill level 1 in Stealth
  4252 | D:4      | Reached XP level 7. HP: 62/62 MP: 6/6
  4363 | D:5      | Entered Level 5 of the Dungeon
  4638 | D:5      | Noticed Eustachio
  4651 | D:5      | Killed Eustachio
  4652 | D:5      | Reached skill level 1 in Maces & Flails
  4706 | D:5      | Reached skill level 5 in Armour
  4718 | D:5      | Reached XP level 8. HP: 24/70 MP: 7/7
  5076 | D:5      | Reached skill level 1 in Shields
  5667 | D:5      | Reached skill level 6 in Armour
  5902 | D:5      | Reached skill level 5 in Maces & Flails
  6189 | D:5      | Noticed Edmund
  6205 | D:5      | Killed Edmund
  6384 | D:5      | Reached skill level 7 in Armour
  6384 | D:5      | Reached XP level 9. HP: 62/79 MP: 8/8
  6538 | D:6      | Reached **** piety under Trog
  7230 | D:6      | Identified the +8 triple crossbow of Valour {freeze, rC+
                  | rN+ Str+4}
  7907 | D:7      | Found a white marble altar of Elyvilon.
  7907 | D:7      | Found a bloodstained altar of Trog.
  7913 | D:7      | Found a sparkling altar of Nemelex Xobeh.
  7920 | D:7      | Found a faded altar of an unknown god.
  7922 | D:7      | Found a glowing silver altar of Zin.
  8032 | D:7      | Reached skill level 8 in Armour
  8737 | D:8      | Found a staircase to the Lair.
  9446 | D:8      | Reached XP level 10. HP: 71/88 MP: 9/9
 10526 | D:9      | Reached ***** piety under Trog
 10534 | D:9      | Reached skill level 9 in Armour
 10990 | D:9      | Noticed Erica
 11009 | D:9      | HP: 6/133 [something (1)]
 11010 | D:9      | Killed Erica
 11011 | D:9      | Reached skill level 5 in Dodging
 11443 | D:9      | Identified a scroll of acquirement
 11443 | D:9      | Acquired 746 gold pieces
 11680 | D:9      | Identified the +3 spear of Expedience {vorpal, rC+ Dex+2}
 11828 | D:9      | Found an ancient bone altar of Kikubaaqudgha.
 11896 | D:9      | Reached skill level 5 in Shields
 12061 | D:9      | Got Sif Muna's Monograph on the Dead and the Ground
 12191 | D:10     | Entered Level 10 of the Dungeon
 12192 | D:10     | Noticed a gargoyle
 12206 | D:10     | Killed a gargoyle
 12207 | D:10     | Reached skill level 10 in Armour
 12508 | D:10     | Found a staircase to the Orcish Mines.
 12508 | D:10     | Found Imax's Weapon Emporium.
 12534 | D:10     | Reached skill level 10 in Maces & Flails
 13075 | D:10     | Noticed Psyche
 13096 | D:10     | Killed Psyche
 13533 | D:10     | Reached XP level 11. HP: 39/95 MP: 10/10
 13952 | D:10     | Found a sacrificial altar of Ru.
 14059 | D:10     | Reached skill level 11 in Armour
 14351 | Orc:1    | Entered Level 1 of the Orcish Mines
 14462 | Orc:1    | Noticed an orc knight
 14477 | Orc:1    | Killed an orc knight
 14491 | Orc:1    | HP: 3/145 [orc warrior/+0 mace[an orc knight] (9)]
 15302 | Orc:1    | Found Fyodgh's Assorted Antiques.
 15326 | Orc:1    | Bought a scroll labelled HAAT CON YNTUH for 34 gold pieces
 15326 | Orc:1    | Bought a viscous amethyst potion for 30 gold pieces
 15326 | Orc:1    | Bought a scroll labelled GAHOENIHET for 34 gold pieces
 15445 | Orc:2    | Entered Level 2 of the Orcish Mines
 15445 | Orc:2    | Noticed an orc knight
 15461 | Orc:2    | HP: 1/145 [orc warrior/+0 halberd[an orc knight] (27)]
 15463 | Orc:2    | Killed an orc knight
 15463 | Orc:2    | Demolished by an orc warrior

Illustrated notes

Levels and vault maps discovered:
D:1:      dpeg_arrival_long_road, layout_basic,
          shapermc_ecumenical_altar_pompeii
D:2:      layout_loops_ring, fountainhead, chequers_serial_rivers_large_a,
          minmay_misc_feat_ornament, uniq_sigmund, uniq_terence
D:3:      layout_rooms, mainiacjoe_overflow_six_doors_small, marbit_many_paths,
          mainiacjoe_overflow_surrounded_room, chequers_serial_rivers_micro_e,
          uniq_crazy_yiuf_cottage
D:4:      minmay_diamond_boxcup, layout_loops_ring, minmay_temple_entry_arrows,
          grunt_decor_junction
D:5:      layout_gridville, minmay_manual_moon, uniq_edmund, uniq_eustachio
D:6:      layout_loops_ring
D:7:      layout_gridville, chequers_temple_overflow_minitemple,
          kennysheep_cluttered_room
D:8:      layout_loops_ring, lair_entry_dummy, lightli_minifort
D:9:      layout_long_grid, tgw_kikubaaqudgha, uniq_erica
D:10:     layout_basic, overflow_temple_1_default, orc_david_3, uniq_psyche
Orc:1:    layout_caves, serial_shops, nicolae_shop_crystal, basic_altar
Orc:2:    st_orc_rangers, layout_caves, basic_altar, gauntlet_entry_generic,
          roderic_batcave, kennysheep_orc_sif_temple

Skill      XL: |  1  2  3  4  5  6  7  8  9 10 11 |
---------------+----------------------------------+-----
Axes           | 4 5 6 7 |  7.9
Fighting       | 4 5 6 7 8 9 |  9.2
Dodging        | 3 4 5 |  5.5
Armour         | 4 5 7 8 10 11 | 11.5
Stealth        | 1 2 |  2.1
Maces & Flails | 2 5 8 10 | 10.9
Shields        | 2 4 6 |  6.6

Action                   |  1- 3 |  4- 6 |  7- 9 | 10-12 || total
-------------------------+-------+-------+-------+-------++-------
Melee: Hand axe          |    70 |   145 |       |       ||   215
       Headbutt          |     5 |    26 |    36 |    53 ||   120
       Punch             |       |     1 |       |       ||     1
       Mace              |       |       |   282 |   306 ||   588
Invok: Berserk           |     1 |     2 |     4 |     7 ||    14
  Use: Potion            |       |     1 |       |       ||     1
       Scroll            |       |       |    11 |     4 ||    15
 Stab: Sleeping          |     1 |       |       |       ||     1
Armor: Animal skin       |     6 |       |       |       ||     6
       Ring mail         |       |    39 |       |       ||    39
       Chain mail        |       |       |   226 |   259 ||   485
Dodge: Dodged            |    44 |    83 |   188 |   179 ||   494
Block: Buckler           |       |       |    62 |    98 ||   160
